 Dungeon Crawl Stone Soup version 0.31-a0-1074-g0b22e4e0f1 (webtiles) character file.

Game seed: 2876444089340683586

165543 tbh1313 the Severer (level 17, -6/170 HPs)
             Began as a Minotaur Berserker on Nov 30, 2023.
             Was a High Priest of Trog.
             Shot with an arrow by a satyr (29 damage)
             ... on level 2 of the Shoals.
             The game lasted 01:24:59 (36986 turns).

tbh1313 the Severer (Minotaur Berserker)           Turns: 36986, Time: 01:24:59

Health: -6/170     AC: 26    Str: 24    XL:     17   Next: 28%
Magic:  0/16       EV: 15    Int:  8    God:    Trog [*****.]
Gold:   3042       SH:  0    Dex: 12    Spells: 16/16 levels left

rFire   + . .        a - +2 battleaxe (flame)
rCold   . . .        (shield currently unavailable)
rNeg    + . .        i - +1 chain mail {rF+}
rPois   .            M - +2 hat
rElec   .            P - +2 cloak
rCorr   .            Z - +0 pair of gloves
SInv    .            m - +1 pair of boots
Will    ++++.        O - amulet of guardian spirit Stlth
                     A - ring of willpower
HPRegen 1.48/turn    y - ring of positive energy
MPRegen 0.15/turn

%: guardian spirit
@: mighty, afraid, strong-willed, on berserk cooldown, regenerating
A: horns 2, retaliatory headbutt
a: Renounce Religion, Berserk, Trog's Hand, Brothers in Arms


You were on level 2 of the Shoals.
You worshipped Trog.
Trog was extremely pleased with you.
You visited 5 branches of the dungeon, and saw 26 of its levels.
You also visited: Sewer and Gauntlet.

You collected 3539 gold pieces.
You spent 497 gold pieces at shops.

Inventory:

Hand Weapons
 a - a +2 battleaxe of flaming (weapon)
 l - a +2 executioner's axe of venom
Missiles
 T - 3 throwing nets
Armour
 i - a +1 chain mail of fire resistance (worn)
 m - a +1 pair of boots (worn)
 M - a +2 hat (worn)
 N - a +1 scale mail of cold resistance
 P - a +2 cloak (worn)
 Z - a +0 pair of gloves (worn)
Jewellery
 k - an amulet of faith
 q - a ring of resist corrosion
 y - a ring of positive energy (right hand)
 A - a ring of willpower (left hand)
 E - a ring of ice
 O - an amulet of guardian spirit (around neck)
 R - a ring of protection from fire
 Y - a ring of willpower
Wands
 S - a wand of paralysis (8)
Scrolls
 e - a scroll of torment
 f - 3 scrolls of fear
 j - a scroll of vulnerability
 p - 5 scrolls of fog
 s - 12 scrolls of teleportation
 z - 2 scrolls of silence
 H - a scroll of revelation
 I - 9 scrolls of identify
 K - 2 scrolls of enchant armour
 V - 2 scrolls of blinking
 X - 3 scrolls of enchant weapon
Potions
 b - 3 potions of enlightenment
 d - 8 potions of curing
 g - 2 potions of magic
 h - 5 potions of haste
 t - 5 potions of invisibility
 C - 2 potions of attraction
 F - 2 potions of heal wounds
 J - 3 potions of cancellation
 W - 3 potions of might
Miscellaneous
 c - a phantom mirror


   Skills:
 - Level 20.0 Fighting
 - Level 20.0 Axes
 - Level 20.0 Armour
 + Level 14.8 Dodging


You had 16 spell levels left.
You didn't know any spells.
Your spell library contained the following spells:

 Spells                   Type           Power      Damage    Failure   Level
 Kiss of Death            Conj/Necr      0%         2d5       77%         1
 Magic Dart               Conj           0%         1d3       77%         1
 Necrotise                Necr           0%         1d4       77%         1
 Call Imp                 Summ           0%         N/A       88%         2
 Ensorcelled Hibernation  Hex/Ice        0%         N/A       88%         2
 Jinxbite                 Hex            0%         N/A       88%         2
 Lesser Beckoning         Tloc           0%         N/A       88%         2
 Poisonous Vapours        Pois/Air       0%         N/A       88%         2
 Confusing Touch          Hex            0%         N/A       98%         3
 Gell's Gravitas          Tloc           0%         N/A       98%         3
 Inner Flame              Hex/Fire       0%         N/A       98%         3
 Mephitic Cloud           Conj/Pois/Air  0%         N/A       98%         3
 Swiftness                Air            0%         N/A       98%         3
 Teleport Other           Tloc           0%         N/A       98%         3
 Vampiric Draining        Necr           0%         2d6       98%         3
 Anguish                  Hex/Necr       0%         N/A       100%        4
 Dispel Undead            Necr           0%         3d6       100%        4
 Agony                    Necr           0%         N/A       100%        5
 Freezing Cloud           Conj/Ice/Air   0%         6-21      100%        5
 Silence                  Hex/Air        0%         N/A       100%        5
 Summon Forest            Summ/Tloc      0%         N/A       100%        5
 Conjure Ball Lightning   Conj/Air       0%         3x3d6     100%        6
 Eringya's Noxious Bog    Tmut/Pois      0%         4d6       100%        6
 Starburst                Conj/Fire      0%         6d3       100%        6
 Summon Hydra             Summ           0%         N/A       100%        7
 Discord                  Hex            0%         N/A       100%        8
 Disjunction              Tloc           0%         N/A       100%        8


Dungeon Overview and Level Annotations

Branches:
Dungeon (15/15)            Temple (0/1) D:7            Lair (5/5) D:9
 Shoals (2/4) Lair:2       Spider (2/4) Lair:3        Slime (0/5) Lair:4
    Orc (2/2) D:12            Elf (0/3) Orc:2        Vaults (0/5) D:14
 Depths (0/4) D:15          Sewer (visited)         Gauntlet (visited)

Altars:
Gozag
Hepliaklqana
Kikubaaqudgha
Makhleb
Nemelex Xobeh
Okawaru
Sif Muna
Wu Jian
Xom
Yredelemnul
Jiyva

Shops:
D:2 !   D:9 *   D:12 [[[   D:15 ?*::   Orc:1 !   Orc:2 [*[[

Portals:
Hell: Lair:5

Annotations:
Shoals:2 3 runed translucent doors


Innate Abilities, Weirdness & Mutations

You have a pair of horns on your head.
You reflexively headbutt those who attack you in melee.


Message History

a +0 rapier; a +0 robe You closely miss the satyr.
The satyr shoots an arrow.
The arrow barely misses you.
You hit the satyr. You burn the satyr. You headbutt the satyr.
The satyr is lightly wounded.
The satyr shoots an arrow.
The arrow hits you!
You closely miss the satyr.
The satyr is lightly wounded.
The satyr shoots an arrow.
The arrow hits you!!
* * * LOW HITPOINT WARNING * * *
You're still recovering from your berserk rage.
You slash the satyr! You burn the satyr.
The satyr is moderately wounded.
The satyr shoots an arrow.
The arrow hits you.
* * * LOW HITPOINT WARNING * * *
The satyr shoots an arrow.
The arrow hits you!!
* * * LOW HITPOINT WARNING * * *
You attempt to attack the satyr, but flinch away in fear!
The satyr shoots an arrow.
The arrow hits you!
* * * LOW HITPOINT WARNING * * *
You feel much better.
You feel yourself speed up.
The satyr unwields a +0 longbow.
The satyr wields a +0 quarterstaff.
The satyr hits you but does no damage.
You feel very mighty all of a sudden.
The satyr unwields a +0 quarterstaff.
The satyr wields a +0 longbow.
The satyr shoots an arrow.
The arrow hits you but does no damage.
You slash the satyr! You burn the satyr.
The satyr is heavily wounded.
You attempt to attack the satyr, but flinch away in fear!
The satyr shoots an arrow.
The arrow hits you!!
* * * LOW HITPOINT WARNING * * *
You feel much better.
The satyr shoots an arrow.
The arrow hits you!
* * * LOW HITPOINT WARNING * * *
Your skin crawls.
You feel strong-willed.
The satyr shoots an arrow.
The arrow hits you!
* * * LOW HITPOINT WARNING * * *
You feel much better.
The satyr shoots an arrow.
The arrow hits you!!
You die...

.##..~~.#..##..~~~~~≈≈≈≈≈
.)..~~~~........~~~~≈≈≈≈≈
.#..~~~~~~.!....~~≈~~~≈≈≈
.#..~~~~~~~c~~~.~.~..~~≈≈
.# .~~~~~.).......~~~~≈≈≈
.# ...............~~~≈≈≈≈
.#...P...P(...#.)..~~~≈≈≈
........[....###c....~~≈≈
.##.....≈≈≈~P.##@).~~~≈≈≈
.# .≈...≈≈≈...))...~~≈≈≈≈
.##..###.~~...)...~~≈≈≈≈≈
.#...###.P.~....~~~~≈≈≈≈≈
.......##PP~~..†..~...~≈≈
......P##P...~††....$~~≈≈
........PPP..†~~~..~~~~≈≈
......P.PP.~..~~~~~~~~≈≈≈
.>###P...P~~~~~~≈~~~≈≈≈≈≈


You could see a satyr (scary).

Levels and vault maps discovered:
D:1:      onia_arrival_handbag, layout_basic,
          hellmonk_ecumenical_altar_watching_god, grunt_decor_one_mirror,
          hangedman_decor_points
D:2:      layout_rooms, serial_shops, shop, minivault_5,
          kennysheep_generic_room_13, uniq_natasha
D:3:      layout_rooms, uniq_sigmund
D:4:      layout_layer_cave, portal_sewer_entry_b, grunt_decor_mini_mirrors,
          uniq_duvessa, uniq_eustachio
D:5:      layout_basic, nicolae_overflow_hidden_temple, guppyfry_early_orc_mine
D:6:      layout_loops_ring
D:7:      layout_rooms, temple_pool_b, minivault_14, uniq_menkaure,
          uniq_jeremiah
D:8:      layout_rooms, wad_mini_maze, uniq_grum
D:9:      layout_basic, nicolae_overflow_hallway_of_the_gods, lair_entry_dummy,
          serial_shops, shop, minmay_misc_feat_rows
D:10:     layout_gridville
D:11:     layout_long_grid
D:12:     hangedman_cross_cluster, layout_gridville, hiddenorc1_lemuel,
          serial_shops, shop, nicolae_shop_tiny_glass, shop, uniq_lodul
D:13:     layout_loops_ring, st_stairs_13, minmay_fractal_squares_gapless_7
D:14:     layout_loops_cross, hellmonk_vaults_keyhole, minmay_tree_intersection
D:15:     grunt_enter_depths_giant_problem, layout_rooms, serial_shops,
          nicolae_shop_rolling_square, shop, shop, hangedman_decor_growths,
          nicolae_shop_i_like_small_books_too, minmay_radiant
Lair:1:   layout_chaotic_city, nzn_sisyphean_effort, uniq_fannar
Lair:2:   layout_small_grid, minmay_shoals_entry_centaurs,
          minmay_shattered_shrine, infiniplex_staircase_pool
Lair:3:   beargit_carnivore_pack, layout_small_grid,
          spider_nest_entry_web_field, hibernation_bobbens, uniq_josephine,
          uniq_gastronok, uniq_amaemon, uniq_nergalle
Lair:4:   layout_cave_pods, slime_entry_1, basic_altar, kennysheep_rathole
Lair:5:   evil_forest, layout_big_grid, gauntlet_entry_generic,
          serial_bayou_shore_b
Shoals:1: layout_shoals, st_shoals_ruin
Shoals:2: layout_shoals, nicolae_shoals_beach_cooler, uniq_kirke
Spider:1: layout_spider_delve
Spider:2: nicolae_spider_hilbert_zone_7 [nicolae_spider_hilbert_4_sides_1_open,
          nicolae_spider_hilbert_4_sides_1_open,
          nicolae_spider_hilbert_4_sides_1_open,
          nicolae_spider_hilbert_4_sides_1_open,
          nicolae_spider_hilbert_3_sides_1_open,
          nicolae_spider_hilbert_3_sides_1_open,
          nicolae_spider_hilbert_3_sides_1_open,
          nicolae_spider_hilbert_3_sides_1_open,
          nicolae_spider_hilbert_4_sides_1_open,
          nicolae_spider_hilbert_4_sides_1_open,
          nicolae_spider_hilbert_4_sides_1_open,
          nicolae_spider_hilbert_2_sides_1_open,
          nicolae_spider_hilbert_2_sides_1_open,
          nicolae_spider_hilbert_2_sides_1_open,
          nicolae_spider_hilbert_2_sides_1_open,
          nicolae_spider_hilbert_2_sides_1_open,
          nicolae_spider_hilbert_2_sides_1_open]
Orc:1:    layout_caves, basic_altar, serial_shops, shop, uniq_snorg
Orc:2:    st_orc_rangers, layout_diamond_mine, nicolae_orc_damp_corner

Notes
Turn   | Place    | Note
-------+----------+-------------------------------------------
     0 | D:1      | tbh1313 the Minotaur Berserker began the quest for the Orb.
     0 | D:1      | Reached XP level 1. HP: 19/19 MP: 0/0
   222 | D:1      | Reached XP level 2. HP: 21/26 MP: 1/1
   472 | D:1      | Reached skill level 5 in Axes
   513 | D:1      | Noticed a shining eye
   516 | D:1      | Found a faded altar of an unknown god.
   518 | D:1      | Noticed an eye of devastation
   518 | D:1      | Noticed an eye of devastation
   518 | D:1      | Noticed a shining eye
   775 | D:2      | Reached XP level 3. HP: 31/31 MP: 2/2
   840 | D:2      | Found Tigi's Distillery.
   848 | D:2      | Bought a potion of curing for 30 gold pieces
   992 | D:2      | Reached ** piety under Trog
  1034 | D:2      | Reached XP level 4. HP: 27/39 MP: 3/3
  1220 | D:2      | Noticed Natasha
  1231 | D:2      | Killed Natasha
  1859 | D:3      | Reached XP level 5. HP: 45/45 MP: 4/4
  1942 | D:3      | Noticed a centaur
  1948 | D:3      | Killed a centaur
  2027 | D:3      | Noticed Sigmund
  2040 | D:3      | Killed Sigmund
  2041 | D:3      | Reached XP level 6. HP: 51/51 MP: 5/5
  2475 | D:4      | Noticed Eustachio
  2499 | D:4      | Killed Eustachio
  2500 | D:4      | Reached skill level 10 in Axes
  2500 | D:4      | Reached XP level 7. HP: 57/57 MP: 6/6
  2618 | D:4      | Noticed Dowan
  2644 | D:4      | Killed Dowan
  2649 | D:4      | Noticed Duvessa
  2659 | D:4      | Killed Duvessa
  2666 | D:4      | Found a glowing drain.
  2677 | Sewer    | Entered a sewer
  2841 | Sewer    | Reached *** piety under Trog
  3052 | Sewer    | Reached XP level 8. HP: 64/64 MP: 7/7
  3715 | D:5      | Entered Level 5 of the Dungeon
  3877 | D:5      | Reached **** piety under Trog
  4664 | D:5      | Found an ornate altar of the Wu Jian Council.
  4794 | D:5      | Found a sparkling altar of Nemelex Xobeh.
  4795 | D:5      | Found a hazy altar of Hepliaklqana.
  5203 | D:6      | Reached XP level 9. HP: 70/71 MP: 8/8
  5666 | D:6      | Reached skill level 15 in Axes
  6152 | D:7      | Noticed Jeremiah
  6228 | D:7      | Killed Jeremiah
  6382 | D:7      | Found a staircase to the Ecumenical Temple.
  6798 | D:7      | Noticed Menkaure
  6803 | D:7      | Killed Menkaure
  6989 | D:8      | Reached skill level 5 in Armour
  6989 | D:8      | Reached XP level 10. HP: 69/78 MP: 9/9
  7097 | D:8      | Reached skill level 5 in Dodging
  7191 | D:8      | Noticed Grum
  7195 | D:8      | Reached skill level 5 in Fighting
  7207 | D:8      | Killed Grum
  7475 | D:8      | Noticed a boulder beetle
  7499 | D:8      | Killed a boulder beetle
  7668 | D:8      | Noticed a cane toad
  7672 | D:8      | a cane toad changed into a yaktaur
  8287 | D:9      | Found an ancient bone altar of Kikubaaqudgha.
  8294 | D:9      | Found a basalt altar of Yredelemnul.
  8297 | D:9      | Found an opulent altar of Gozag.
  8297 | D:9      | Found a shimmering altar of Xom.
  8304 | D:9      | Found a shimmering blue altar of Sif Muna.
  8629 | D:9      | Found Simeymn's Assorted Antiques.
  8728 | D:9      | Reached XP level 11. HP: 53/95 MP: 10/10
  8877 | D:9      | Found a staircase to the Lair.
  8975 | D:10     | Entered Level 10 of the Dungeon
 10175 | D:11     | Reached skill level 10 in Fighting
 10365 | D:11     | Noticed a two-headed ogre
 10375 | D:11     | Killed a two-headed ogre
 10608 | D:11     | Noticed a two-headed ogre
 10617 | D:11     | Killed a two-headed ogre
 10789 | D:11     | Noticed a purple ugly thing
 10789 | D:11     | Noticed a centaur warrior
 10794 | D:11     | Killed a purple ugly thing
 10800 | D:11     | Killed a centaur warrior
 11558 | D:12     | Noticed a boulder beetle
 11559 | D:12     | Noticed a centaur warrior
 11559 | D:12     | Noticed a two-headed ogre
 11582 | D:11     | Killed a boulder beetle
 11811 | Lair:1   | Entered Level 1 of the Lair of Beasts
 11843 | Lair:1   | Noticed a boulder beetle
 11870 | Lair:1   | Killed a boulder beetle
 12006 | Lair:1   | Reached XP level 12. HP: 117/117 MP: 11/11
 12010 | Lair:1   | Reached ***** piety under Trog
 12202 | Lair:1   | Noticed Fannar
 12205 | Lair:1   | Noticed a death yak
 12205 | Lair:1   | Noticed a death yak
 12206 | Lair:1   | Noticed a death yak
 12216 | Lair:1   | Killed Fannar
 12217 | Lair:1   | Reached skill level 10 in Armour
 12222 | Lair:1   | Killed a death yak
 12229 | Lair:1   | Killed a death yak
 12229 | Lair:1   | Killed a death yak
 13398 | D:12     | Killed a centaur warrior
 13583 | D:12     | Noticed a death knight
 13604 | D:12     | Killed a death knight
 13731 | D:12     | Killed a two-headed ogre
 13988 | D:12     | Noticed Lodul
 13991 | D:12     | Reached XP level 13. HP: 112/124 MP: 12/12
 14006 | D:12     | Killed Lodul
 14034 | D:12     | HP: 11/124 [cyclops (22)]
 14373 | D:12     | Found Deuhois's Antique Armour Emporium.
 14704 | Lair:2   | Found a staircase to the Shoals.
 14709 | Lair:2   | Reached skill level 10 in Dodging
 14807 | Lair:2   | You fall into a shaft and drop 2 floors!
 14828 | Lair:4   | Found an iron altar of Okawaru.
 15334 | Lair:4   | Found a viscous altar of Jiyva.
 15336 | Lair:4   | Found a staircase to the Slime Pits.
 15719 | Lair:3   | Found a hole to the Spider Nest.
 15862 | Lair:3   | Received a gift from Trog
 16037 | Lair:3   | Noticed Josephine
 16052 | Lair:3   | Killed Josephine
 16517 | Lair:3   | Noticed Nergalle
 16517 | Lair:3   | Noticed Amaemon
 16530 | Lair:3   | Killed Nergalle
 16541 | Lair:3   | Killed Amaemon
 17787 | Lair:2   | Reached XP level 14. HP: 109/132 MP: 13/13
 17914 | Spider:1 | Entered Level 1 of the Spider Nest
 18338 | D:12     | Identified the +0 robe of the Archfiend {Regen+}
 18644 | D:12     | Found Roumnuuqi's Antique Armour Emporium.
 18650 | D:12     | Found Wijanwicw's Armour Boutique.
 18652 | D:12     | Bought a runed cloak for 225 gold pieces
 18695 | D:12     | Found a staircase to the Orcish Mines.
 18992 | Orc:1    | Entered Level 1 of the Orcish Mines
 18993 | Orc:1    | Noticed Snorg
 19000 | Orc:1    | Killed Snorg
 19296 | Orc:2    | Entered Level 2 of the Orcish Mines
 20026 | Orc:2    | Noticed an orc warlord
 20047 | Orc:2    | Killed an orc warlord
 20289 | Orc:2    | Found a staircase to the Elven Halls.
 20531 | Orc:1    | Found Ruomonga's Distillery.
 20544 | Orc:1    | Bought a potion of might for 56 gold pieces
 21503 | Orc:2    | Reached ****** piety under Trog
 21665 | Orc:2    | Found Wiok's General Store.
 21665 | Orc:2    | Found Pieg's Antique Armour Emporium.
 21667 | Orc:2    | Found Syvois's Antique Armour Shoppe.
 21669 | Orc:2    | Found Acwesajy's Antique Armour Shop.
 22012 | D:13     | Received a gift from Trog
 23211 | D:13     | Reached skill level 20 in Axes
 23785 | D:14     | Reached skill level 15 in Armour
 24090 | D:14     | Reached XP level 15. HP: 114/138 MP: 11/14
 24213 | D:14     | Found a gate to the Vaults.
 24591 | D:15     | Entered Level 15 of the Dungeon
 24591 | D:15     | Found Soarhe Naje's Magic Scroll Boutique.
 24597 | D:15     | Bought a scroll of noise for 11 gold pieces
 24597 | D:15     | Bought a scroll of identify for 22 gold pieces
 24597 | D:15     | Bought a scroll of identify for 22 gold pieces
 24597 | D:15     | Bought a scroll of teleportation for 33 gold pieces
 24597 | D:15     | Bought a scroll of teleportation for 33 gold pieces
 24597 | D:15     | Bought a scroll of teleportation for 33 gold pieces
 26979 | Lair:5   | Entered Level 5 of the Lair of Beasts
 26987 | Lair:5   | Identified the +2 battleaxe of Due Proportion {heavy, Str+4
                  | Dex+3} (Trog gifted it to you on level 5 of the Lair of
                  | Beasts)
 26987 | Lair:5   | Received a gift from Trog
 27047 | Lair:5   | Found a gate leading to a gauntlet.
 27076 | Gauntlet | Entered a Gauntlet
 27076 | Gauntlet | Found a transporter.
 27245 | Gauntlet | Found a transporter.
 27248 | Gauntlet | Found a transporter.
 27249 | Gauntlet | Found a transporter.
 27258 | Gauntlet | Found a transporter.
 27260 | Gauntlet | Found a transporter.
 27261 | Gauntlet | Found a transporter.
 27270 | Gauntlet | Found a transporter.
 27273 | Gauntlet | Found a transporter.
 27274 | Gauntlet | Found a transporter.
 27283 | Gauntlet | Found a transporter.
 27286 | Gauntlet | Found a transporter.
 27287 | Gauntlet | Found a transporter.
 27295 | Gauntlet | Found a transporter.
 27803 | Gauntlet | Got the Tome of Forceful Hexes
 27803 | Gauntlet | Got the Catalogue of Breath
 28379 | Lair:5   | Identified the +4 sling "Mausen" {drain, *Slow rPois rF+++
                  | Stlth+}
 28655 | Lair:5   | Reached skill level 20 in Armour
 28695 | Lair:5   | Reached XP level 16. HP: 146/146 MP: 15/15
 28702 | Lair:5   | Found a burning altar of Makhleb.
 28720 | Lair:5   | Received a gift from Trog
 28721 | Lair:5   | Found a gateway to Hell.
 29221 | D:15     | Found Gomiex's Tiny Tomes.
 29247 | D:15     | Identified the +2 war axe of the Final Decision {heavy,
                  | SInv}
 29249 | D:15     | Found a staircase to the Depths.
 29285 | D:15     | Reached skill level 15 in Fighting
 29873 | D:15     | Found Nuhye's Book Boutique.
 29901 | D:15     | Found Yzidd's Assorted Antiques.
 29909 | D:15     | Bought a scroll labelled IMUTZI SOSA for 32 gold pieces
 32102 | Shoals:1 | Entered Level 1 of the Shoals
 34181 | Spider:2 | Identified the +2 robe of Focus {Harm *Slow Str+3}
 35218 | Shoals:1 | Received a gift from Trog
 35924 | Shoals:1 | Reached XP level 17. HP: 168/168 MP: 16/16
 36323 | Shoals:2 | Found a runed translucent gate.
 36323 | Shoals:2 | Found a runed translucent gate.
 36323 | Shoals:2 | Found a runed translucent gate.
 36453 | Shoals:2 | Reached skill level 20 in Fighting
 36978 | Shoals:2 | HP: 12/170 [satyr/arrow (21)]
 36979 | Shoals:2 | HP: 1/170 [satyr/arrow (11)]
 36984 | Shoals:2 | HP: 12/170 [satyr/arrow (14)]
 36985 | Shoals:2 | HP: 4/170 [satyr/arrow (9)]
 36986 | Shoals:2 | Shot with an arrow by a satyr

Table legend: (Time is in decaauts)
 A = Elapsed time spent in this place.
 B = Non-inter-level travel time spent in this place.
 C = Inter-level travel time spent in this place.
 D = Time resting spent in this place.
 E = Time spent auto-exploring this place.
 F = Levels seen in this place.
 G = Mean time per level.
                   A        B        C        D        E       F      G
               +--------+--------+--------+--------+--------+-----+--------+
         Total |  36975 |  34397 |   2578 |  12436 |  16822 |  28 | 1320.5 |
       Dungeon |  18060 |  16855 |   1205 |   5680 |   8901 |  15 | 1204.0 |
          Lair |   8018 |   6972 |   1046 |   1401 |   4619 |   5 | 1603.6 |
        Shoals |   1970 |   1920 |     50 |    603 |    879 |   2 |  985.0 |
   Spider Nest |   4592 |   4359 |    233 |   2731 |   1007 |   2 | 2296.0 |
  Orcish Mines |   2823 |   2781 |     42 |   1267 |   1057 |   2 | 1411.5 |
         Sewer |    616 |    616 |      0 |    156 |    255 |   1 |  616.0 |
      Gauntlet |    893 |    893 |      0 |    596 |    102 |   1 |  893.0 |
               +--------+--------+--------+--------+--------+-----+--------+

Top non-repeatable levels by time:
Spider:1: 2573 daAuts
  Lair:2: 2278 daAuts
Spider:2: 2019 daAuts
    D:11: 2000 daAuts
  Lair:3: 1850 daAuts
   Orc:2: 1823 daAuts
    D:13: 1740 daAuts
    D:12: 1727 daAuts
  Lair:1: 1620 daAuts
Shoals:1: 1537 daAuts
    D:15: 1448 daAuts
    D:14: 1351 daAuts
     D:5: 1318 daAuts
  Lair:4: 1278 daAuts
    D:10: 1277 daAuts

Table legend:
 A = Kills in this place as a percentage of kills in the entire game.
 B = Kills by you in this place as a percentage of kills by you in the entire game.
 C = Kills by friends in this place as a percentage of kills by friends in the entire game.
 D = Other kills in this place as a percentage of other kills in the entire game.
 E = Experience gained in this place as a percentage of experience gained in the entire game.
 F = Experience gained in this place divided by the number of levels of this place that you have seen.
                   A       B       C       D       E      F
               +-------+-------+-------+-------+-------+----------------------
         Total | 100.0 | 100.0 | 100.0 | 100.0 | 100.0 | 8446.1
       Dungeon |  40.7 |  40.6 |  60.0 |   0.0 |  29.4 | 4629.2
          Lair |  22.9 |  23.0 |  20.0 |   0.0 |  28.1 | 13276.0
        Shoals |   6.7 |   6.7 |   0.0 |   0.0 |  13.2 | 15636.0
   Spider Nest |  12.9 |  13.0 |   0.0 |   0.0 |  21.9 | 25882.5
  Orcish Mines |  10.5 |  10.6 |   0.0 |   0.0 |   4.6 | 5447.5
         Sewer |   5.2 |   5.3 |   0.0 |   0.0 |   0.2 | 477.0
      Gauntlet |   1.1 |   0.8 |  20.0 | 100.0 |   2.6 | 6263.0
               +-------+-------+-------+-------+-------+----------------------

Action                     |  1- 3 |  4- 6 |  7- 9 | 10-12 | 13-15 | 16-18 || total
---------------------------+-------+-------+-------+-------+-------+-------++-------
  Melee: Hand axe          |    83 |   107 |   222 |       |       |       ||   412
         Headbutt          |    12 |    17 |    65 |   124 |   289 |   118 ||   625
         Punch             |     1 |     2 |     4 |     3 |    10 |       ||    20
         War axe           |       |       |   143 |   476 |   789 |       ||  1408
         Battleaxe         |       |       |       |       |   427 |   537 ||   964
 Invoke: Berserk           |     1 |     2 |    10 |    13 |    23 |     9 ||    58
         Trog's Hand       |       |     2 |     3 |     1 |     1 |     2 ||     9
         Brothers in Arms  |       |       |       |       |     5 |       ||     5
  Evoke: Wand              |       |       |       |     5 |     2 |     1 ||     8
    Use: Scroll            |     3 |     7 |     6 |     6 |     7 |     3 ||    32
         Potion            |       |       |     2 |       |     6 |     5 ||    13
   Stab: Petrified         |       |       |       |       |     2 |       ||     2
 Armour: Animal skin       |    26 |       |       |       |       |       ||    26
         Scale mail        |    16 |    14 |       |       |       |       ||    30
         Chain mail        |       |    60 |   248 |   344 |   993 |   628 ||  2273
  Dodge: Dodged            |    38 |    40 |    96 |   189 |   759 |   388 ||  1510

Vanquished Creatures
  A fire giant (D:15)
  2 emperor scorpions
  2 ghost moths (Spider:2)
  An orc warlord (Orc:2)
  A broodmother (Spider:2)
  An ironbound thunderhulk (D:14)
  A vampire knight (D:15)
  A dire elephant (Gauntlet)
  A minotaur (Gauntlet)
  4 spark wasps (Spider:2)
  Snorg (Orc:1)
  Josephine (Lair:3)
  2 merfolk javelineers (Shoals:2)
  2 entropy weavers (Spider:2)
  2 merfolk impalers (Shoals:2)
  An ettin (D:15)
  Fannar (Lair:1)
  A vault guard (D:14)
  A jorogumo (Spider:2)
  4 hydras
  9 boulder beetles
  A rakshasa (D:13)
  5 two-headed ogres
  3 centaur warriors
  A catoblepas (Lair:5)
  A radroach (Spider:2)
  2 merfolk aquamancers (Shoals:2)
  A death scarab (Gauntlet)
  11 death yaks
  A merfolk avatar (Shoals:1)
  3 death knights
  4 demonic crawlers
  A sun demon (Lair:5)
  Nergalle (Lair:3)
  Amaemon (Lair:3)
  A fire crab (Lair:3)
  6 pharaoh ants
  A goliath frog (shapeshifter) (D:13)
  A sun moth (Spider:1)
  4 skysharks
  3 sea snakes (Shoals:1)
  Lodul (D:12)
  8 orb spiders
  An arcanist (Lair:5)
  An obsidian statue (Gauntlet)
  8 harpies
  4 steelbarb worms
  2 orc knights (Orc:2)
  A spectral boulder beetle (Gauntlet)
  2 phantasmal warriors
  An orange crystal statue (Gauntlet)
  7 fauns
  11 ugly things
  3 deep elf pyromancers
  7 manticores
  6 wolf spiders
  10 elephants
  15 cyclopes
  A moth of wrath (shapeshifter) (D:12)
  An ice statue (Gauntlet)
  6 black mambas
  2 merfolk sirens
  3 orange demons
  2 water nymphs
  20 cane toads
  A smoke demon (Lair:5)
  3 rime drakes (Lair:5)
  2 gargoyles (D:12)
  Jeremiah (D:7)
  4 torpor snails
  An efreet (D:13)
  2 ice devils (Lair:5)
  12 komodo dragons
  2 unseen horrors
  2 kobold demonologists
  4 freezing wraiths
  2 yaktaurs (shapeshifter)
  3 meliai (D:14)
  2 red devils (Lair:5)
  13 merfolk
  A polar bear (Lair:5)
  2 wind drakes (Shoals:1)
  11 trolls
  15 tarantellas
  A hornet (D:9)
  8 dream sheep
  22 blink frogs
  20 jumping spiders
  A snapping turtle (Shoals:2)
  3 vampires
  A centaur simulacrum (D:14)
  2 shadows
  11 culicivoras
  10 wraiths
  Sigmund (D:3)
  2 humans (D:14)
  10 wyverns
  7 slime creatures
  3 water elementals (Shoals:2)
  43 yaks
  8 basilisks
  Grum (D:8)
  26 redbacks
  2 steam dragons (D:8)
  Eustachio (D:4)
  3 acid dragons
  5 vampire mosquitoes
  Menkaure (D:7)
  5 wargs
  Duvessa (D:4)
  10 water moccasins
  4 hell hounds (Lair:5)
  34 orc warriors
  2 ice beasts
  2 black bears
  2 sky beasts
  3 boggarts (D:15)
  11 wolves
  14 ogres
  18 centaurs
  6 kobold brigands
  12 bullfrogs
  A gnoll sergeant (D:6)
  4 scorpions
  9 wights
  Dowan (D:4)
  4 howler monkeys
  An electric eel (D:7)
  A hound (D:7)
  12 orc priests
  A gnoll bouda (D:7)
  3 iguanas
  Natasha (D:2)
  15 orc wizards
  2 hell rats (Lair:4)
  10 gnolls
  11 adders
  21 river rats
  A shadow imp (D:5)
  2 white imps
  2 ufetubi (D:5)
  A worm (shapeshifter) (D:14)
  A dart slug (D:2)
  66 orcs
  3 bats
  9 endoplasms
  4 giant cockroaches
  3 goblins
  6 hobgoblins
  2 jackals (D:4)
  5 quokkas
  17 ball pythons
  5 frilled lizards
  35 kobolds
  32 rats
905 creatures vanquished.

Vanquished Creatures (collateral kills)
  3 hydras
  2 elephants (Gauntlet)
  A kobold demonologist (D:12)
  A troll (D:12)
  An orc priest (D:12)
  2 orcs (D:12)
10 creatures vanquished.

Vanquished Creatures (others)
  A rime drake (Gauntlet)
  A boggart (D:15)
  An orc (Orc:2)
3 creatures vanquished.

Grand Total: 918 creatures vanquished
